 Dungeon Crawl Stone Soup version 0.21-a0-437-ge5bf024 (webtiles) character file.

39 Charmandara the Ruffian (level 3, 0/28 HPs)
             Began as a Draconian Transmuter on Nov 9, 2017.
             Slain by an adder (2 damage)
             ... on level 2 of the Dungeon.
             The game lasted 00:02:07 (1102 turns).

Charmandara the Ruffian (Draconian Transmuter)      Turns: 1102, Time: 00:02:07

Health: 0/28       AC:  6    Str: 12    XL:     3   Next: 26%
Magic:  1/6        EV: 12    Int: 19    God:
Gold:   67         SH:  0    Dex: 11    Spells: 3/6 levels left

rFire    . . .     SeeInvis .     - Unarmed
rCold    . . .     Gourm    .   (no shield)
rNeg     . . .     Faith    .   (armour unavailable)
rPois    .         Spirit   .   (helmet restricted)
rElec    .         Reflect  .   (no cloak)
rCorr    .         Harm     .   l - +0 pair of gloves
MR       .....                  (boots currently unavailable)
Stlth    ..........             (no amulet)
HPRegen  0.09/turn              p - ring of loudness (curse) {Stlth-}
MPRegen  0.10/turn              (no ring)

@: brilliant, lethally poisoned (0 -> -11), appendage (expiring), very slightly
contaminated
A: unfitting armour, talons 3, cold-blooded, AC +5
a: End Transformation


You were on level 2 of the Dungeon.
You were not hungry.
You had grown temporary talons.
You visited 1 branch of the dungeon, and saw 2 of its levels.

You collected 67 gold pieces.

Inventory:

Hand Weapons
 j - a +1 hand axe of chopping
   (You found it on level 1 of the Dungeon)
Missiles
 a - 33 arrows
Armour
 l - a +0 pair of gloves (worn)
   (You found it on level 1 of the Dungeon)
Jewellery
 p - a cursed ring of loudness (left hand) {Stlth-}
   (You found it on level 2 of the Dungeon)
Scrolls
 d - a scroll of teleportation {unknown}
 g - a scroll of fog {unknown}
 h - 2 scrolls of fear {unknown}
 k - a scroll of amnesia {unknown}
 n - a scroll of immolation {unknown}
 o - a scroll of identify {unknown}
Potions
 e - a potion of invisibility {unknown}
 i - a potion of lignification {unknown}
 q - a potion of degeneration {unknown}
Books
 b - a book of Changes
Comestibles
 c - 2 bread rations {@e1}
 f - 3 chunks of flesh {@w0}


   Skills:
 - Level 1.1 Fighting
 - Level 1.7 Dodging
 + Level 4.4 Unarmed Combat
 - Level 2.0 Spellcasting
 - Level 2.0 Transmutations


You had 3 spell levels left.
You knew the following spells:

 Your Spells              Type           Power        Failure   Level  Hunger
a - Beastly Appendage     Tmut           ###...       1%          1    #......
s - Sticks to Snakes      Tmut           ###.....     1%          2    ###....


Dungeon Overview and Level Annotations

Branches:
Dungeon (2/15)

Altars:


Innate Abilities, Weirdness & Mutations

Your plain brown scales are hard. (AC +5)
You cannot fit into any form of body armour.
You are cold-blooded and may be slowed by cold attacks.
You have claws for feet.


Message History

You now have 3/5 mp.
You hit the worm. The worm bites you!
You take 8 damage, and have 15/23 hp.
MASSIVE DAMAGE!!
You hit the worm. You hit the worm. You claw the worm.
Your transformation is almost over.
The worm bites you.
You take 1 damage, and have 15/23 hp.
You hit the worm but do no damage. You claw the worm, but do no damage.
You tail-slap the worm, but do no damage.
You punch the worm! You claw the worm.
You kill the worm!
You have reached level 3!
Your experience leads to an increase in your attributes!
Increase (S)trength, (I)ntelligence, or (D)exterity?
You feel clever.
Your scales feel tougher.
You regained 3 hp, and now have 18/28 hp.
You see here a worm corpse.
You butcher the worm corpse.
f - 3 chunks of flesh {@w0} (gained 1)
A hobgoblin comes into view.
You see here a bread ration {@e1}.
You see here a bread ration {@e1}.
c - 2 bread rations {@e1} (gained 1)
Your talons disappear.
You see here a purple potion.
q - a purple potion Your feet morph into talons.
You now have 4/6 mp.
You hit the hobgoblin but do no damage. You tail-slap the hobgoblin.
The hobgoblin barely misses you.
You hit the hobgoblin.
You kill the hobgoblin!
Your transformation is almost over.
f - 4 chunks of flesh {@w0} (gained 1) Some of the chunks of flesh in your inventory have rotted away.
An adder comes into view.
The adder hisses angrily.
An adder comes into view.
The adder hisses angrily.
You extend your transformation's duration.
You now have 4/6 mp.
You miscast Sticks to Snakes.
You are very lightly contaminated with residual magic.
Strange energies run through your body.
A worm comes into view.
You now have 2/6 mp.
Casting: Sticks to Snakes You create a snake!
You now have 33 arrows.
The adder barely misses you.
You now have 0/6 mp.
Unknown command.
You hit the adder. The adder bites you.
You are poisoned.
The adder poisons you! The adder barely misses you.
Your ball python barely misses the adder.
Your ball python grabs the adder.
Your ball python constricts the adder.
You take 2 damage, and have 18/28 hp.
You hit the adder. Your kick misses the adder.
You feel sick. The adder barely misses you. The adder bites you.
You are more poisoned.
The adder poisons you!
Your ball python barely misses the adder.
Your ball python constricts the adder.
The adder bites you.
You are lethally poisoned!
The adder poisons you!
You take 6 damage, and have 12/28 hp.
MASSIVE DAMAGE!!
Unknown command.
You hit the adder.
You feel sick. The adder bites you.
Your ball python bites the adder but does no damage.
Your ball python constricts the adder.
The adder bites you but does no damage.
You take 1 damage, and have 11/28 hp.
Unknown command.
You barely miss the adder. You claw the adder.
You kill the adder!
You feel sick. The adder bites you.
* * * LOW HITPOINT WARNING * * *
Your ball python closely misses the adder. x2
The adder bites you.
* * * LOW HITPOINT WARNING * * *
You take 7 damage, and have 4/28 hp.
MASSIVE DAMAGE!!
Unknown command.
You hit the adder.
Your tail-slap misses the adder.
* * * LOW HITPOINT WARNING * * *
You feel sick.
Your ball python closely misses the adder.
Your ball python grabs the adder.
Your ball python constricts the adder.
The adder bites your ball python.
Your ball python dies!
The adder hisses angrily.
You take 1 damage, and have 3/28 hp.
Unknown command.
It was a potion of brilliance.
You feel clever all of a sudden.
Your transformation is almost over.
* * * LOW HITPOINT WARNING * * *
You feel sick. The adder bites you.
You die...

..........#.#.#.#
............#...#
...........###..#
...........###..####
###.................##
.##..[##.....#.######..<
...?..#........# ##..
.###..S.......## #..
...w...@......# ...
.....##.......# ...<
.... ##.....## #.#.. .
##...## ..#.. #####
.###..


You could see a worm and an adder.

Vanquished Creatures
  An adder (D:2)
  An ooze (D:1)
  A worm (D:2)
  A leopard gecko (D:1)
  6 bats
  A giant cockroach (D:2)
  7 hobgoblins
  2 kobolds (D:1)
  3 rats
23 creatures vanquished.

Notes
Turn   | Place    | Note
-------+----------+-------------------------------------------
     0 | D:1      | Charmandara the Draconian Transmuter began the quest for the Orb.
     0 | D:1      | Reached XP level 1. HP: 16/16 MP: 3/3
   344 | D:1      | Reached XP level 2. HP: 17/23 MP: 3/5
   843 | D:1      | Reached skill level 4 in Unarmed Combat
  1000 | D:1      | Learned a level 2 spell: Sticks to Snakes
  1071 | D:2      | Reached XP level 3. HP: 18/28 MP: 4/6
  1100 | D:2      | HP: 5/28 [adder (5)]
  1102 | D:2      | HP: 2/28 [poisoned by an adder]
  1102 | D:2      | Slain by an adder

Vault maps used:
D:1:      roderic_octagonal_star
D:2:      nrook_loot_triangle

Skill      XL: |  1  2 |
---------------+-------+-----
Unarmed Combat | 4 |  4.4
Fighting       | |  1.1
Dodging        | |  1.7
Spellcasting   | |  2.0
Transmutations | |  2.0

Action                   || total
-------------------------++-------
Melee: Unarmed           ||    67
       Kick              ||    11
       Headbutt          ||     2
       Tailslap          ||     3
       Punch             ||     1
 Cast: Beastly Appendage ||    18
       Sticks to Snakes  ||     1
  Use: Potion            ||     1
 Stab: Sleeping          ||     1
  Eat: Chunk             ||     1
Armor: Skin              ||    19
Dodge: Dodged            ||    30

Table legend:
 A = Spawn XP
 B = Non-spawn XP
 C = Spawn XP percentage of total XP
 D = Spawn monster count
 E = Non-spawn monster count
 F = Spawn count percentage of total count
 G = Total turns spent on level
                    A         B        C        D         E        F      G
               +---------+---------+-------+---------+---------+-------+---------
         Total |       0 |      56 |   0.0 |       0 |      23 |   0.0 |  1102
               +---------+---------+-------+---------+---------+-------+---------
           D:1 |       0 |      29 |   0.0 |       0 |      15 |   0.0 |  1024
           D:2 |       0 |      27 |   0.0 |       0 |       8 |   0.0 |    78
               +---------+---------+-------+---------+---------+-------+---------

Vault maps used:
D:1:      roderic_octagonal_star
D:2:      nrook_loot_triangle

Table legend:
 A = Turns spent in this place as a percentage of turns spent in the entire game.
 B = Non-inter-level travel turns spent in this place as a percentage of non-inter-level travel turns spent in the entire game.
 C = Inter-level travel turns spent in this place as a percentage of turns spent in this place.
 D = Turns resting spent in this place as a percentage of non-inter-level travel turns spent in this place.
 E = Turns spent auto-exploring this place as a percentage of non-inter-level travel turns spent in this place.
 F = Non-inter-level travel turns spent in this place divided by the number of levels of this place that you've seen.
                   A       B       C       D       E      F
               +-------+-------+-------+-------+-------+----------------------
         Total | 100.0 | 100.0 |   5.0 |  11.7 |  67.5 | 523.5
       Dungeon | 100.0 | 100.0 |   5.0 |  11.7 |  67.5 | 523.5
               +-------+-------+-------+-------+-------+----------------------

Table legend:
 A = Kills in this place as a percentage of kills in entire the game.
 B = Kills by you in this place as a percentage of kills by you in the entire game.
 C = Kills by friends in this place as a percentage of kills by friends in the entire game.
 D = Other kills in this place as a percentage of other kills in the entire game.
 E = Experience gained in this place as a percentage of experience gained in the entire game.
 F = Experience gained in this place divided by the number of levels of this place that you have seen.
                   A       B       C       D       E      F
               +-------+-------+-------+-------+-------+----------------------
         Total | 100.0 | 100.0 |   N/A |   N/A | 100.0 |  28.0
       Dungeon | 100.0 | 100.0 |   N/A |   N/A | 100.0 |  28.0
               +-------+-------+-------+-------+-------+----------------------
